 Dungeon Crawl Stone Soup version 0.31-a0-1074-g0b22e4e0f1 (webtiles) character file.

Game seed: 9954569404473797104

41 sammy202020 the Trooper (level 3, 25/33 HPs)
             Began as a Minotaur Fighter on Nov 29, 2023.
             Quit the game on level 2 of the Dungeon.
             The game lasted 00:03:46 (744 turns).

sammy202020 the Trooper (Minotaur Fighter)           Turns: 744, Time: 00:03:47

Health: 25/33      AC:  7    Str: 22    XL:     3   Next: 32%
Magic:  2/2        EV:  9    Int:  5    God:
Gold:   88         SH:  4    Dex:  9    Spells: 2/2 levels left

rFire   . . .        a - +0 flail
rCold   . . .        c - +0 buckler
rNeg    . . .        b - +0 scale mail
rPois   .            (helmet restricted)
rElec   .            (no cloak)
rCorr   .            (no gloves)
SInv    .            (no boots)
Will    .....        (no amulet) Stlth
                     (no ring)
HPRegen 0.25/turn    (no ring)
MPRegen 0.08/turn

%: no passive effects
@: no status effects
A: horns 2, retaliatory headbutt
a: no special abilities


You were on level 2 of the Dungeon.
You visited 1 branch of the dungeon, and saw 2 of its levels.

You collected 88 gold pieces.

Inventory:

Hand Weapons
 a - a +0 flail (weapon)
Armour
 b - a +0 scale mail (worn)
 c - a +0 buckler (worn)
Scrolls
 h - a scroll of noise
Potions
 d - a potion of might
 e - a potion of brilliance {unknown}
 i - a potion of degeneration {unknown}
 j - a potion of ambrosia {unknown}


   Skills:
 * Level 4.2 Fighting
 * Level 3.0 Maces & Flails
 * Level 4.0 Armour
 + Level 0.8 Dodging
 * Level 4.0 Shields


You had 2 spell levels left.
You didn't know any spells.
Your spell library contained the following spells:

 Spells                   Type           Power      Damage    Failure   Level
 Inner Flame              Hex/Fire       0%         N/A       99%         3
 Flame Wave               Conj/Fire      0%         2d4       100%        4
 Sticky Flame             Conj/Fire      0%         2d3       100%        4


Dungeon Overview and Level Annotations

Branches:
Dungeon (2/15)

Altars:


Innate Abilities, Weirdness & Mutations

You have a pair of horns on your head.
You reflexively headbutt those who attack you in melee.


Message History

You furiously retaliate!
You headbutt the jackal. You barely miss the jackal.
The jackal is heavily wounded.
The jackal bites you.
You barely miss the jackal.
The jackal is almost dead.
You block the jackal's attack.
The jackal bites you but does no damage. x2
The jackal barely misses you.
You barely miss the jackal.
You headbutt the jackal, but do no damage.
The jackal is almost dead.
The jackal bites you but does no damage.
You block the jackal's attack. The jackal bites you. x2
You hit the jackal.
You kill the jackal!
The jackal barely misses you. The adder closely misses you.
The jackal bites you but does no damage.
You barely miss the jackal. You headbutt the jackal.
The jackal is almost dead.
The jackal bites you. The adder bites you.
The jackal bites you but does no damage.
You closely miss the jackal. You headbutt the jackal.
You kill the jackal!
The adder bites you. The adder barely misses you. You furiously retaliate!
You headbutt the adder! You closely miss the adder.
The adder is severely wounded.
You block the adder's attack. The adder bites you but does no damage.
You hit the adder.
You kill the adder!
Your Maces & Flails skill increases to level 3!
No target in view!
No target in view!
No target in view!
No target in view!
No target in view!
No target in view!
No target in view!
Are you sure you want to abandon this character and quit the game? (Confirm with "yes".)

#. #...#..
.###?##...#.##.
...............
.......<..... #
........... ##.
#......#.. #..
#......... #...
###......... #
#...##@†.......#.
#.###.....#.......#
#.....##..##.###..#
#..[................
....................
.......#...#........
#.###..#.†...#.#..
##...†##.#.#..
###..##....


There were no monsters in sight!

Vanquished Creatures
  An adder (D:2)
  A worm (D:2)
  A dart slug (D:1)
  3 endoplasms (D:1)
  A goblin (D:1)
  3 hobgoblins
  6 jackals
  3 kobolds
  A bat (D:1)
  2 frilled lizards
  2 rats
24 creatures vanquished.

Notes
Turn   | Place    | Note
-------+----------+-------------------------------------------
     0 | D:1      | sammy202020 the Minotaur Fighter began the quest for the
                  | Orb.
     0 | D:1      | Reached XP level 1. HP: 19/19 MP: 0/0
   213 | D:1      | Reached XP level 2. HP: 22/27 MP: 1/1
   735 | D:2      | Reached XP level 3. HP: 31/33 MP: 2/2
   744 | D:2      | Quit the game

Illustrated notes

Levels and vault maps discovered:
D:1:      sevenhm_arrival_forest_fort_small_6, layout_rooms
D:2:      layout_basic, minmay_misc_feat_rows

Skill      XL: |  1  2  3 |
---------------+----------+-----
Fighting       | 4 |  4.2
Armour         | 4 |  4.0
Shields        | 4 |  4.0
Maces & Flails | 3 |  3.0
Dodging        | |  0.8

Action                     || total
---------------------------++-------
  Melee: Flail             ||    72
         Headbutt          ||     9
    Use: Scroll            ||     2
 Armour: Scale mail        ||    75
  Dodge: Dodged            ||    50
  Block: Buckler           ||    24

Table legend: (Time is in decaauts)
 A = Elapsed time spent in this place.
 B = Non-inter-level travel time spent in this place.
 C = Inter-level travel time spent in this place.
 D = Time resting spent in this place.
 E = Time spent auto-exploring this place.
 F = Levels seen in this place.
 G = Mean time per level.
                   A        B        C        D        E       F      G
               +--------+--------+--------+--------+--------+-----+--------+
         Total |    765 |    765 |      0 |    173 |    417 |   2 |  382.5 |
       Dungeon |    765 |    765 |      0 |    173 |    417 |   2 |  382.5 |
               +--------+--------+--------+--------+--------+-----+--------+

Top non-repeatable levels by time:
     D:1: 649 daAuts
     D:2: 116 daAuts
